 Dungeon Crawl Stone Soup version 0.25-a0-566-g062765b (webtiles) character file.

Game seed: 2219201870232087148, levelgen mode: deterministic

963 robertstho the Agent of Entropy (level 7, 0/85 HPs)
             Began as a Demonspawn Abyssal Knight on Feb 27, 2020.
             Was a Priest of Lugonu.
             Slain by a centaur (6 damage)
             ... on level 8 of the Dungeon.
             The game lasted 00:07:35 (4145 turns).

robertstho the Agent of Entropy (DsAK)              Turns: 4145, Time: 00:07:36

Health: 0/85       AC: 23    Str: 14    XL:     7   Next: 92%
Magic:  11/11      EV:  2    Int: 17    God:    Lugonu [***...]
Gold:   178        SH:  0    Dex: 14    Spells: 6/6 levels left

rFire    . . .     SeeInvis .   l - +3 hand axe (venom)
rCold    . . .     Gourm    .   (no shield)
rNeg     + + +     Faith    .   (armour currently unavailable)
rPois    +         Spirit   .   (helmet currently unavailable)
rElec    .         Reflect  .   (cloak currently unavailable)
rCorr    .         Harm     .   (gloves currently unavailable)
MR       .....     NoTele   +   (boots currently unavailable)
Stlth    ++........             (no amulet)
HPRegen  0.24/turn              i - +3 ring of intelligence
MPRegen  0.12/turn              (no ring)

@: tree-form (expiring)
A: thin skeletal structure 1
a: Depart the Abyss, Bend Space, Banish, Renounce Religion


You were on level 8 of the Dungeon.
You worshipped Lugonu.
Lugonu was most pleased with you.
You were hungry.
You were a tree.
You visited 1 branch of the dungeon, and saw 6 of its levels.
You visited the Abyss 1 time.

You collected 178 gold pieces.

Inventory:

Hand Weapons
 a - a +1 falchion
 d - a +2 whip of draining
 l - a +3 hand axe of venom (weapon)
Armour
 m - a +0 pair of boots (melded)
 p - a +2 pair of gloves (melded)
 q - a +0 chain mail (melded)
Jewellery
 i - a +3 ring of intelligence (left branch)
 s - an uncursed ring of poison resistance {unknown}
Scrolls
 e - 2 scrolls of teleportation
 h - 2 scrolls of identify
 j - 5 scrolls of remove curse
 n - a scroll of magic mapping
 o - 2 scrolls of blinking
Potions
 k - a potion of stabbing
Comestibles
 c - 9 rations
 r - 5 chunks of flesh


   Skills:
 * Level 5.7 Fighting
 + Level 1.8 Long Blades
 + Level 3.2(3.6) Axes
 + Level 2.1(3.1) Maces & Flails
 + Level 3.6 Armour
 + Level 1.5 Dodging
 + Level 0.7 Stealth
 * Level 6.1 Invocations


You had 6 spell levels left.
You didn't know any spells.
Your spell library was empty.

Dungeon Overview and Level Annotations

Branches:
Dungeon (5/15)
 Temple: D:4-7

Altars:
The Shining One

Annotations:
D:2 Sigmund
D:3 Grinder
D:8 Maggie


Innate Abilities, Weirdness & Mutations

((You have a pair of antennae on your head.))
You have a somewhat thin skeletal structure. (Dex +2, Stealth)


Message History

* * * LOW HITPOINT WARNING * * *
You slash the centaur!
You kill the centaur!
Lugonu accepts your kill.
The centaur unwields a +0 shortbow.
The centaur hits you but does no damage.
You hit the centaur.
The centaur is poisoned.
The centaur is moderately wounded.
The centaur barely misses you.
Maggie says, "Fear not.
I will immortalize you in the tale of my first kill."
You hit the centaur.
The centaur is moderately wounded.
Your transformation is almost over.
The centaur hits you but does no damage.
The centaur hits you.
* * * LOW HITPOINT WARNING * * *
You hit the centaur.
The centaur looks as sick as possible!
The centaur is severely wounded.
The centaur hits you.
You die...

*,,**#........,,,**,*,*
*,,*##.......###,**,*,*
*,,,...........#,**,*,*
*,,**#...$...#.#,#*,*,*
*,,**#.......#.#.#*,*,*
*,,,*#......(#.#.##.#/*
*,,,.........@J.......*
*,,,#####$####c#.##.#**
***,*** #.* #♣#,**,*
,,,,* #.***#.#,**,*
***** #.,,,...,,,,*
****#####****


You could see Maggie, a centaur and a jelly.

Vanquished Creatures
  3 ogres
  2 centaurs
  2 howler monkeys (D:8)
  2 hounds (D:8)
  An orc priest (D:5)
  An orc wizard (D:4)
  A bullfrog skeleton (D:5)
  An iguana (D:4)
  4 worker ants
  A gnoll (D:1)
  10 adders
  2 worms (D:3)
  6 dart slugs
  2 leopard geckos
  14 orcs
  11 bats
  5 giant cockroaches
  12 goblins
  6 hobgoblins
  3 jackals (D:3)
  5 kobolds
  2 quokkas
  4 frilled lizards
  8 rats
108 creatures vanquished.

Notes
Turn   | Place    | Note
-------+----------+-------------------------------------------
     0 | Abyss:1  | robertstho the Demonspawn Abyssal Knight began the quest
                  | for the Orb.
     0 | Abyss:1  | Reached XP level 1. HP: 18/18 MP: 2/2
    42 | Abyss:1  | Noticed a quasit
    46 | D:1      | Escaped the Abyss
   190 | D:1      | Gained mutation: You have a pair of small antennae on your
                  | head. [demonic ancestry]
   190 | D:1      | Reached XP level 2. HP: 13/24 MP: 4/4
   255 | D:1      | Reached skill level 3 in Invocations
   264 | D:1      | Reached XP level 3. HP: 17/30 MP: 5/5
   268 | D:1      | Reached ** piety under Lugonu
  1106 | D:2      | Reached skill level 1 in Dodging
  1121 | D:2      | Noticed Sigmund
  1257 | D:2      | Reached skill level 1 in Maces & Flails
  1257 | D:2      | Gained mutation: You have a somewhat thin skeletal
                  | structure. (Dex +2, Stealth) [demonic ancestry]
  1257 | D:2      | Reached XP level 4. HP: 22/37 MP: 6/6
  1795 | D:2      | Found a glowing golden altar of the Shining One.
  2343 | D:3      | Gained mutation: You have a pair of antennae on your head.
                  | [demonic ancestry]
  2343 | D:3      | Reached XP level 5. HP: 26/43 MP: 7/7
  2372 | D:3      | Noticed Grinder
  2381 | D:3      | Paralysed by Grinder for 3 turns
  2392 | D:3      | HP: 2/43 [Grinder (4)]
  2393 | D:3      | Paralysed by Grinder for 5 turns
  2398 | D:3      | Reached *** piety under Lugonu
  2978 | D:3      | Noticed an ogre
  2988 | D:3      | Killed an ogre
  2988 | D:3      | Reached skill level 1 in Axes
  3217 | D:4      | Reached skill level 4 in Invocations
  3217 | D:4      | Reached XP level 6. HP: 41/49 MP: 7/9
  3334 | D:4      | HP: 2/49 [poisoned by an orc wizard]
  3705 | D:4      | Reached skill level 5 in Fighting
  3705 | D:4      | Reached skill level 5 in Invocations
  3705 | D:4      | Reached XP level 7. HP: 31/56 MP: 10/10
  4042 | D:5      | Entered Level 5 of the Dungeon
  4110 | D:5      | You fall into a shaft and drop 3 floors!
  4128 | D:8      | Reached skill level 6 in Invocations
  4141 | D:8      | Noticed Maggie
  4145 | D:8      | Slain by a centaur

Levels and vault maps discovered:
D:1:      dpeg_arrival_circle_labyrinth_c, layout_loops_ring
D:2:      layout_loops_ring, tso_altar, minmay_box_of_dots, uniq_sigmund
D:3:      layout_basic, serial_glass, glass_columns_b, glass_columns_a,
          nrook_uturn, uniq_grinder
D:4:      layout_basic, first_ration
D:5:      kennysheep_big_flooded_room, layout_gridville, temple_statues,
          serial_shops, nicolae_shop_statue_plus
D:8:      layout_loops_ring, kennysheep_mini_moat, palyth_stone_intersect,
          uniq_psyche, uniq_maggie, uniq_pikel, uniq_gastronok

Skill      XL: |  1  2  3  4  5  6  7 |
---------------+----------------------+-----
Armour         | 2 3 |  3.6
Invocations    | 3 4 5 6 |  6.1
Fighting       | 4 5 |  5.7
Dodging        | 1 |  1.5
Maces & Flails | 1 2 |  2.1
Axes           | 1 2 3 |  3.2
Long Blades    | |  1.8
Stealth        | |  0.7

Action                   |  1- 3 |  4- 6 |  7- 9 || total
-------------------------+-------+-------+-------++-------
Melee: Whip              |   101 |    86 |       ||   187
       Hand axe          |       |    58 |    56 ||   114
  Use: Potion            |     3 |     3 |     1 ||     7
       Scroll            |     5 |     3 |     4 ||    12
 Stab: Sleeping          |       |     1 |       ||     1
  Eat: Chunk             |       |     8 |     2 ||    10
Armor: Leather armour    |    50 |    15 |       ||    65
       Ring mail         |       |    24 |       ||    24
       Chain mail        |       |    19 |    33 ||    52
       Skin              |       |       |    24 ||    24
Dodge: Dodged            |    98 |    65 |    16 ||   179

Table legend:
 A = Non-vault XP
 B = Vault XP
 C = Vault XP percentage of total XP
 D = Non-vault monster count
 E = Vault monster count
 F = Vault count percentage of total count
                 A         B        C        D         E       F
            +---------+---------+-------+---------+---------+-------
      Total |    1347 |      29 |   2.1 |     105 |       3 |   2.8
            +---------+---------+-------+---------+---------+-------
        D:1 |      65 |       0 |   0.0 |      29 |       0 |   0.0
        D:2 |      55 |      29 |  34.5 |      15 |       3 |  16.7
        D:3 |     217 |       0 |   0.0 |      32 |       0 |   0.0
        D:4 |     561 |       0 |   0.0 |      16 |       0 |   0.0
        D:5 |     133 |       0 |   0.0 |       6 |       0 |   0.0
        D:8 |     316 |       0 |   0.0 |       7 |       0 |   0.0
            +---------+---------+-------+---------+---------+-------
